 Dungeon Crawl Stone Soup version 0.30.0-15-g856e2d3f33 (webtiles) character file.

Game seed: 8970396968962959412

6 qw the Shield-Bearer (level 1, 0/14 HPs)
             Began as a Gargoyle Fighter on May 19, 2023.
             Slain by a ball python (2 damage)
             ... on level 1 of the Dungeon.
             The game lasted 00:00:03 (45 turns).

qw the Shield-Bearer (Gargoyle Fighter)               Turns: 45, Time: 00:00:04

Health: 0/14       AC:  9    Str: 19    XL:     1   Next: 90%
Magic:  1/1        EV:  6    Int:  8    God:
Gold:   0          SH:  4    Dex:  9    Spells: 0/0 levels left

rFire   . . .        a - +0 war axe
rCold   . . .        c - +0 buckler
rNeg    + . .        b - +0 scale mail
rPois   inf          (no helmet)
rElec   +            (no cloak)
rCorr   .            (no gloves)
SInv    .            (no boots)
Will    .....        (no amulet) Stlth
                     (no ring)
HPRegen 0.22/turn    (no ring)
MPRegen 0.07/turn

%: no passive effects
@: constricted
A: sickness immunity, AC +2, negative energy resistance 1, electricity
resistance, torment resistance 1, petrification resistance
a: no special abilities


You were on level 1 of the Dungeon.
You visited 1 branch of the dungeon, and saw 1 of its levels.


Innate Abilities, Weirdness & Mutations

You are immune to sickness and miasma.
Your stone body is resilient. (AC +2)
You are immune to poison.
You resist negative energy. (rN+)
You are resistant to electric shocks. (rElec)
You are resistant to unholy torment.
You are immune to petrification.


   Skills:
 - Level 3.2 Fighting
 + Level 2.3 Axes
 - Level 3.2 Armour
 - Level 3.2 Shields


You couldn't memorise any spells.
You didn't know any spells.
Your spell library was empty.

Inventory:

Hand Weapons
 a - a +0 war axe (weapon)
Armour
 b - a +0 scale mail (worn)
 c - a +0 buckler (worn)
Potions
 d - a potion of might

Dungeon Overview and Level Annotations

Branches:
Dungeon (1/15)

Altars:


Message History

You block the quokka's attack.
You barely miss the ball python. You hit the quokka but do no damage.
You block the ball python's attack. The ball python constricts you.
The quokka barely misses you. You block the ball python's attack.
The ball python constricts you. The quokka barely misses you.
You barely miss the ball python. You completely miss the quokka.
The ball python closely misses you. The ball python constricts you.
The quokka bites you.
The ball python bites you but does no damage.
The ball python constricts you. The quokka bites you.
You barely miss the ball python. You barely miss the quokka.
The ball python barely misses you. The ball python constricts you.
You block the quokka's attack. The ball python completely misses you.
The ball python constricts you.
You barely miss the ball python. You hit the quokka but do no damage.
The quokka bites you but does no damage.
The ball python bites you but does no damage.
The ball python constricts you. The quokka barely misses you.
A rat comes into view.
The ball python bites you but does no damage.
The ball python constricts you.
You barely miss the ball python. You hit the quokka.
You kill the quokka!
You block the ball python's attack. The ball python constricts you.
You closely miss the ball python. You block the ball python's attack.
The ball python constricts you.
The ball python bites you but does no damage.
The ball python constricts you. The rat barely misses you.
You hit the ball python but do no damage.
You hit the rat. The ball python bites you. The ball python constricts you.
The rat bites you.
The ball python bites you but does no damage.
The ball python constricts you.
You barely miss the ball python. You hit the rat but do no damage.
The rat twitches its whiskers.
The rat bites you but does no damage. The ball python barely misses you.
The ball python constricts you. The rat bites you but does no damage.
You barely miss the ball python. You closely miss the rat.
The ball python bites you.
You die...

$..........#.......
#..........##..##+#
#..........#..##
#....$.%...#.##
#............#
#..?.......###
#.......>....##
#$............#####
#..........r@%....#
...####.#.###S#.#.#
... #.... K....
#.#.# .#.... #.#.#
.#....# # #. .#
...+ .. ..# .# ..#


You could see a ball python, a kobold and a rat.

Vanquished Creatures
  A dart slug (D:1)
  A ball python (D:1)
  A quokka (D:1)
  A rat (D:1)
4 creatures vanquished.

Notes
Turn   | Place    | Note
-------+----------+-------------------------------------------
     0 | D:1      | qw the Gargoyle Fighter began the quest for the Orb.
     0 | D:1      | Reached XP level 1. HP: 14/14 MP: 1/1
     0 | D:1      | 0 ||| qw: Version: 0.2-a-96-g8eb1148
     0 | D:1      | 0 ||| qw: Game counter: 25
     0 | D:1      | 0 ||| qw: Always use a shield: true
     0 | D:1      | 0 ||| qw: God list: Okawaru
     0 | D:1      | 0 ||| qw: Allow faded altars: false
     0 | D:1      | 0 ||| qw: Do Orc after D:15 true
     0 | D:1      | 0 ||| qw: Do second Lair branch before Depths: true
     0 | D:1      | 0 ||| qw: Lair rune preference: random
     0 | D:1      | 0 ||| qw: Plans: Normal, Zot:1-4, God:TSO, Crypt, Tomb,
                  | Pan, Slime:5, Hells, Abyss, Win
     0 | D:1      | 0 ||| PLANNING D:1-11
    43 | D:1      | HP: 3/14 [ball python (2)]
    45 | D:1      | Slain by a ball python

Levels and vault maps discovered:
D:1:      lightli_arrival_noodles, layout_basic, minmay_surrounded

Skill      XL: |  1 |
---------------+----+-----
Axes           | 2 |  2.3
Fighting       | |  3.2
Armour         | |  3.2
Shields        | |  3.2

Action                     || total
---------------------------++-------
  Melee: War axe           ||    17
 Armour: Scale mail        ||     9
  Dodge: Dodged            ||    12
  Block: Buckler           ||     7

Table legend:
 A = Non-vault XP
 B = Vault XP
 C = Vault XP percentage of total XP
 D = Non-vault monster count
 E = Vault monster count
 F = Vault count percentage of total count
                 A         B        C        D         E       F
            +---------+---------+-------+---------+---------+-------
      Total |       3 |       6 |  66.7 |       2 |       2 |  50.0
            +---------+---------+-------+---------+---------+-------
        D:1 |       3 |       6 |  66.7 |       2 |       2 |  50.0
            +---------+---------+-------+---------+---------+-------
